 Dungeon Crawl Stone Soup version 0.32-a0-799-g95e1662365 (webtiles) character file.

Game seed: 4982128061064625961

6848 ezpacito the Trooper (level 11, -6/92 HPs)
             Began as a Coglin Chaos Knight on Mar 21, 2024.
             Was a Plaything of Xom.
             Mangled by an orc warrior
             ... wielding a +0 halberd
              (11 damage)
             ... in a bailey.
             The game lasted 00:11:00 (8373 turns).

ezpacito the Trooper (Coglin Chaos Knight)          Turns: 8373, Time: 00:11:00

Health: -6/92      AC: 13    Str: 15    XL:     11   Next: 6%
Magic:  16/16      EV:  8    Int: 11    God:    Xom [..*...]
Gold:   381        SH:  0    Dex: 14    Spells: 17/17 levels left

rFire   . . .        u - +10 war axe of Wiatsepn {chaos, Will+}
rCold   + . .        D - +4 scimitar of Jenwets {venom, rElec rC+ Str-2 SInv}
rNeg    . . .        c - +0 chain mail
rPois   .            (no helmet)
rElec   +            k - +2 cloak
rCorr   .            (no gloves)
SInv    +            (no boots)
Will    +....        (amulet unavailable) Stlth
                     (ring unavailable)
HPRegen 0.35/turn    (ring unavailable)
MPRegen 0.15/turn    (no gizmo)

%: no passive effects
@: on berserk cooldown, slowed, revving, very slow
A: off-hand wielding, slow wielding, warmup strikes, no jewellery, deterioration
1, robust 1, noise suppression
a: Invent Gizmo, Renounce Religion


You were in a bailey.
You worshipped Xom.
You were a toy of Xom.
You visited 2 branches of the dungeon, and saw 10 of its levels.
You also visited: Bailey.

You collected 381 gold pieces.

Inventory:

Hand Weapons
 a - a +0 hand axe of chaos {Henutmehyt}
 g - a +2 antimagic flail
 l - a +1 vampiric trident
 u - the +10 war axe of Wiatsepn (weapon) {chaos, Will+}
   (Xom gifted it to you on level 2 of the Dungeon)

   Will+:     It increases your willpower.
 A - a +0 war axe
 D - the +4 scimitar of Jenwets (offhand) {venom, rElec rC+ Str-2 SInv}
   (Xom gifted it to you on level 4 of the Dungeon)

   Str-2:     It affects your strength (-2).
   rC+:       It protects you from cold.
   rElec:     It insulates you from electricity.
   SInv:      It lets you see invisible.
 F - a +2 spear of flaming {Ælfthryth}
Missiles
 s - 3 javelins
 v - 15 poisoned darts (quivered)
 y - 4 atropa-tipped darts
 G - 2 silver javelins
Armour
 c - a +0 chain mail (worn)
 k - a +2 cloak (worn)
 B - a +0 plate armour
 H - a +0 pair of gloves
Magical Staves
 b - a staff of alchemy
Talismans
 z - a beast talisman
Wands
 m - a wand of charming (2)
 J - a wand of warping (2)
Scrolls
 f - 2 scrolls of fear {unknown}
 i - a scroll of noise {unknown}
 j - 2 scrolls of vulnerability {unknown}
 o - 2 scrolls of fog {unknown}
 t - 2 scrolls of teleportation
 w - 2 scrolls of enchant weapon
Potions
 d - a potion of might
 e - a potion of berserk rage
 h - a potion of haste
 n - 2 potions of magic {unknown}
 p - 6 potions of cancellation
 q - a potion of lignification
 r - 2 potions of resistance {unknown}
 x - a potion of invisibility {unknown}
 C - 2 potions of enlightenment {unknown}
 E - 2 potions of brilliance
 I - 2 potions of mutation {unknown}


   Skills:
 * Level 7.6 Fighting
 * Level 7.5(8.2) Axes
 + Level 4.3(6.2) Polearms
 * Level 6.5 Armour
 * Level 6.3 Dodging
 + Level 4.1 Stealth
 + Level 3.7 Spellcasting
 + Level 2.6 Alchemy
 + Level 3.1 Evocations


You had 17 spell levels left.
You didn't know any spells.
Your spell library contained the following spells:

 Spells                   Type           Power      Damage    Failure   Level
 Sigil of Binding         Hex            2%         N/A       100%        3
 Death Channel            Necr           1%         N/A       100%        6
 Sculpt Simulacrum        Ice/Alch       2%         N/A       100%        6


Dungeon Overview and Level Annotations

Branches:
Dungeon (9/15)             Temple (1/1) D:4            Lair (0/5) D:9
    Orc (0/2) D:9          Bailey (1/1)

Altars:
Ashenzari
Cheibriados
Dithmenos
Elyvilon
Fedhas
Gozag
Hepliaklqana
Kikubaaqudgha
Nemelex Xobeh
Okawaru
Qazlal
Ru
Sif Muna
Trog
Uskayaw
Vehumet
Wu Jian
Xom
Yredelemnul
The Shining One

Shops:
D:3 (


Innate Abilities, Weirdness & Mutations

You can wield a second weapon in your off-hand.
It takes a long time for you to wield or remove held weapons.
Your first few attacks do less damage.
You cannot equip rings or amulets.
Your body sometimes deteriorates upon taking damage.
You are robust. (+10% HP)
You passively dampen the noise of your surroundings.


Message History

The orc warrior is heavily wounded.
You barely miss the orc warrior with the +10 war axe of Wiatsepn.
You slash the orc warrior with the +10 war axe of Wiatsepn!
You drain the orc warrior.
You slice the orc with the +10 war axe of Wiatsepn!!
You kill the orc!
The orc warrior no longer looks unusually strong.
The orc hits you but does no damage. The orc warrior closely misses you. x2
Unknown command.
You barely miss the orc warrior with the +4 scimitar of Jenwets.
The orc warrior is heavily wounded.
You slash the orc warrior with the +10 war axe of Wiatsepn!
The orc warrior becomes as fragile as glass!
You closely miss the orc warrior with the +10 war axe of Wiatsepn.
Your surroundings suddenly seem different.
An orc warrior comes into view. It is wielding a +0 glaive.
The orc warrior hits you but does no damage.
You slash the orc warrior with the +10 war axe of Wiatsepn!
The orc warrior suddenly stops moving!
The orc warrior is moderately wounded.
The helpless orc warrior fails to defend itself.
You slice the orc warrior with the +4 scimitar of Jenwets!!
You kill the orc warrior!
Things that are here:
a +0 glaive; a +0 scale mail You feel a strong urge to attack something.
You are no longer berserk.
You are exhausted.
You feel yourself slow down.
You now have 5/92 hp. 2 orc warriors come into view.
Found a gate leading back out of this place.
The orc warrior shouts! x2
The orc warrior hits you but does no damage.
The orc warrior hits you from afar with a +0 halberd.
* * * LOW HITPOINT WARNING * * *
The orc warrior hits you but does no damage.
The orc warrior hits you from afar with a +0 halberd!
You die...
Xom chuckles heartily!

############ ####
##÷.........###.....###
#............'.......#.
#..?o?@....).'....#..).
#∩.???.......'.......'.
#..?o?.......')...#.)'.
#............'.......#.
##÷.........###..... ##
############ ####


You could see 2 orc warriors.

Vanquished Creatures
  An orc knight (Bailey)
  Pikel (D:8)
  Sigmund (D:3)
  3 yaks (D:9)
  A wyvern (D:9)
  Eustachio (D:5)
  2 steam dragons
  Edmund (D:5)
  2 water moccasins (D:6)
  7 orc warriors
  3 ice beasts
  2 wolves (D:8)
  2 ogres
  A phantom (D:6)
  3 lemures (D:8)
  2 bullfrogs (D:7)
  2 gnoll sergeants
  3 scorpions
  A water moccasin zombie (D:6)
  9 wights
  12 killer bees
  3 howler monkeys
  4 bombardier beetles
  A centaur zombie (D:6)
  4 hounds
  5 orc priests
  Terence (D:3)
  3 iguanas
  2 sleepcaps
  3 orc wizards
  15 gnolls
  16 adders
  A shadow imp (D:8)
  A white imp (D:6)
  3 ufetubi
  6 dart slugs
  4 ribbon worms
  45 orcs
  5 ball pythons
  5 bats
  4 endoplasms
  4 giant cockroaches
  13 goblins
  9 hobgoblins
  4 jackals (D:4)
  10 kobolds
  3 quokkas
  3 frilled lizards
  3 rats
240 creatures vanquished.

Vanquished Creatures (collateral kills)
  Joseph (D:8)
  Grum (D:8)
  A goblin (D:3)
  A frilled lizard (D:3)
4 creatures vanquished.

Vanquished Creatures (others)
  A gnoll zombie (D:3)
1 creature vanquished.

Grand Total: 245 creatures vanquished

Notes
Turn   | Place    | Note
-------+----------+-------------------------------------------
     0 | D:1      | ezpacito the Coglin Chaos Knight began the quest for the
                  | Orb.
     0 | D:1      | Reached XP level 1. HP: 18/18 MP: 1/1
   174 | D:1      | Reached skill level 1 in Dodging
   233 | D:1      | Reached XP level 2. HP: 21/24 MP: 2/2
   341 | D:1      | XOM: silly message
   582 | D:2      | XOM: noise
   623 | D:2      | Reached XP level 3. HP: 29/29 MP: 3/3
   749 | D:2      | XOM: silly message
   915 | D:2      | XOM: divination: magic mapping
  1189 | D:2      | Reached XP level 4. HP: 35/35 MP: 4/4
  1507 | D:3      | XOM: divination: detect items
  1574 | D:2      | Identified the +10 war axe of Wiatsepn {freeze, Will+} (Xom
                  | gifted it to you on level 2 of the Dungeon)
  1574 | D:2      | XOM: god gift: +10 war axe of Wiatsepn {chaos, Will+}
  1670 | D:3      | XOM: scenery: create altars
  1704 | D:3      | Found Lyconk's Weapon Shoppe.
  1711 | D:3      | Noticed Terence
  1716 | D:3      | Reached skill level 1 in Polearms
  1720 | D:3      | Killed Terence
  1721 | D:3      | Reached XP level 5. HP: 15/42 MP: 0/6
  1863 | D:3      | Found a white marble altar of Elyvilon.
  1888 | D:3      | Noticed Sigmund
  1903 | D:3      | Killed Sigmund
  1904 | D:3      | Reached skill level 1 in Stealth
  1904 | D:3      | Reached skill level 1 in Spellcasting
  1904 | D:3      | Reached XP level 6. HP: 39/48 MP: 7/7
  1946 | D:3      | XOM: 8-stop teleportation journey
  2382 | D:4      | Reached XP level 7. HP: 54/54 MP: 7/9
  2497 | D:4      | Found a staircase to the Ecumenical Temple.
  2530 | Temple   | Entered the Ecumenical Temple
  2632 | D:4      | XOM: give mutations
  2632 | D:4      | Gained mutation: You are robust. (+10% HP) [Xom's grace]
  2632 | D:4      | Gained mutation: You passively dampen the noise of your
                  | surroundings. [Xom's grace]
  2632 | D:4      | Gained mutation: Your mind is acute. (Int +4, Str/Dex -1)
                  | [Xom's grace]
  2746 | D:4      | Identified the +4 scimitar of Jenwets {venom, rElec rC+
                  | Str-2 SInv} (Xom gifted it to you on level 4 of the
                  | Dungeon)
  2746 | D:4      | XOM: god gift: +4 scimitar of Jenwets {venom, rElec rC+
                  | Str-2 SInv}
  2956 | D:4      | XOM: give mutations
  2956 | D:4      | Gained mutation: Your body sometimes deteriorates upon
                  | taking damage. [Xom's mischief]
  2956 | D:4      | Lost mutation: Your mind is acute. (Int +4, Str/Dex -1)
                  | [Xom's mischief]
  3167 | D:4      | Found a sacrificial altar of Ru.
  3228 | D:5      | Entered Level 5 of the Dungeon
  3304 | D:5      | XOM: cleaving
  3312 | D:5      | Reached XP level 8. HP: 63/67 MP: 10/10
  3446 | D:5      | Noticed Eustachio
  3456 | D:5      | Killed Eustachio
  3457 | D:5      | Reached skill level 5 in Fighting
  3457 | D:5      | Reached skill level 5 in Axes
  3464 | D:5      | Found a hide-covered altar of Uskayaw.
  3691 | D:5      | Noticed Edmund
  3698 | D:5      | XOM: cleaving
  3699 | D:5      | Killed Edmund
  3700 | D:5      | XOM: smoke on damage
  4041 | D:5      | Found a radiant altar of Vehumet.
  4042 | D:5      | Found a glowing golden altar of the Shining One.
  4553 | D:6      | Reached XP level 9. HP: 65/75 MP: 12/12
  4706 | D:6      | Found a basalt altar of Yredelemnul.
  4776 | D:6      | Found a bloodstained altar of Trog.
  5228 | D:7      | Reached skill level 5 in Armour
  5234 | D:7      | XOM: enchant monster (good)
  5373 | D:7      | XOM: divination: magic mapping
  5384 | D:6      | XOM: cast spell 'Olgreb's Toxic Radiance'
  5542 | D:6      | XOM: god gift: metallic clear potion {god gift}
  5602 | D:7      | Found a shadowy altar of Dithmenos.
  5636 | D:7      | Reached skill level 5 in Dodging
  5762 | D:7      | XOM: god gift: staff of alchemy
  6010 | D:7      | Found an opulent altar of Gozag.
  6283 | D:8      | Reached skill level 1 in Evocations
  6283 | D:8      | Reached XP level 10. HP: 84/84 MP: 14/14
  6414 | D:8      | Noticed Pikel
  6425 | D:8      | Killed Pikel
  6426 | D:8      | Reached skill level 1 in Alchemy
  6666 | D:8      | Noticed Grum
  6673 | D:8      | Killed Grum
  6771 | D:8      | Noticed Joseph
  6775 | D:8      | Killed Joseph
  6975 | D:8      | XOM: summons 1 hostile shadow creature
  7352 | D:8      | XOM: summons 3 hostile shadow creatures
  7512 | D:8      | XOM: cloud trail
  7674 | D:9      | XOM: cloud trail
  7684 | D:9      | XOM: fog
  7695 | D:9      | XOM: fog
  7711 | D:9      | Found a flagged portal.
  7765 | D:9      | Found a staircase to the Orcish Mines.
  7802 | D:9      | XOM: divination: magic mapping
  7901 | D:9      | XOM: silly message
  7984 | Bailey   | Entered a bailey
  8047 | Bailey   | XOM: cast spell 'Olgreb's Toxic Radiance'
  8342 | Bailey   | Noticed an orc knight
  8356 | Bailey   | Killed an orc knight
  8357 | Bailey   | Reached XP level 11. HP: 49/92 MP: 16/16
  8363 | Bailey   | HP: 5/138 [orc warrior/+0 trident (12)]
  8373 | Bailey   | Mangled by an orc warrior

Illustrated notes

Levels and vault maps discovered:
D:1:      lightli_molten_gateway, layout_basic
D:2:      layout_loops_ring, serial_rivers, chequers_serial_rivers_large_a,
          chequers_serial_rivers_micro_e, chequers_serial_rivers_small_3,
          chequers_serial_rivers_large_b
D:3:      minmay_chambers_of_threes, layout_rooms, elyvilon_altar_5,
          serial_shops, nicolae_shop_trees, uniq_sigmund, uniq_terence
D:4:      layout_loops_ring, nicolae_ru_path_of_blood,
          minmay_temple_entry_water_ring, kennysheep_potato
D:5:      minmay_recursive_quarters, layout_loops_ring,
          nicolae_overflow_hidden_temple, uniq_eustachio, uniq_edmund
D:6:      layout_basic, bloody_trog, lemuel_zombie_altar_yredelemnul
D:7:      layout_cave_pools, mainiacjoe_overflow_catwalk_spiral
D:8:      layout_gridville, chequers_serial_rivers_marsh, uniq_joseph,
          uniq_pikel, uniq_grum
D:9:      layout_irregular_city, hellmonk_lair_entry_icy, orc_0_dummy,
          enter_bailey_5
Temple:   minmay_freezing_vapour_temple
Bailey:   bailey_polearm_5, bailey

Skill      XL: |  1  2  3  4  5  6  7  8  9 10 |
---------------+-------------------------------+-----
Dodging        | 1 2 3 4 5 6 |  6.3
Armour         | 2 3 4 5 6 |  6.5
Polearms       | 1 2 3 4 |  4.3
Fighting       | 4 5 6 7 |  7.6
Axes           | 4 5 6 7 |  7.5
Stealth        | 1 2 3 4 |  4.1
Spellcasting   | 1 2 3 |  3.7
Evocations     | 1 3 |  3.1
Alchemy        | 2 |  2.6

Action                     |  1- 3 |  4- 6 |  7- 9 | 10-12 || total
---------------------------+-------+-------+-------+-------++-------
  Melee: Hand axe          |    56 |     6 |       |       ||    62
         Dagger            |    17 |       |       |       ||    17
         Spear             |    46 |    70 |    28 |       ||   144
         War axe           |       |    53 |   160 |    85 ||   298
         Scimitar          |       |       |   121 |    81 ||   202
  Throw: Dart              |       |     1 |       |       ||     1
  Evoke: Wand              |       |       |       |     7 ||     7
    Use: Potion            |       |     7 |     5 |     3 ||    15
         Scroll            |       |     1 |     8 |     4 ||    13
   Stab: Sleeping          |       |     1 |     9 |       ||    10
         Distracted        |       |       |     1 |       ||     1
         Paralysed         |       |       |     2 |     1 ||     3
         Petrifying        |       |       |     1 |       ||     1
         Confused          |       |       |       |     1 ||     1
 Armour: Leather armour    |    28 |    42 |   126 |       ||   196
         Skin              |       |     2 |     3 |       ||     5
         Chain mail        |       |       |    31 |   182 ||   213
  Dodge: Dodged            |    20 |    35 |   118 |    90 ||   263

Table legend: (Time is in decaauts)
 A = Elapsed time spent in this place.
 B = Non-inter-level travel time spent in this place.
 C = Inter-level travel time spent in this place.
 D = Time resting spent in this place.
 E = Time spent auto-exploring this place.
 F = Levels seen in this place.
 G = Mean time per level.
                   A        B        C        D        E       F      G
               +--------+--------+--------+--------+--------+-----+--------+
         Total |   8520 |   8122 |    398 |    939 |   5708 |  11 |  774.5 |
       Dungeon |   8128 |   7731 |    397 |    741 |   5654 |   9 |  903.1 |
        Temple |      1 |      1 |      0 |      0 |      0 |   1 |    1.0 |
        Bailey |    390 |    390 |      0 |    198 |     54 |   1 |  390.0 |
               +--------+--------+--------+--------+--------+-----+--------+

Top non-repeatable levels by time:
     D:8: 1432 daAuts
     D:6: 1321 daAuts
     D:2: 1170 daAuts
     D:5: 1001 daAuts
     D:4: 900 daAuts
     D:7: 729 daAuts
     D:3: 682 daAuts
     D:1: 571 daAuts
  Bailey: 390 daAuts
     D:9: 318 daAuts
  Temple: 1 daAuts
